 Dungeon Crawl Stone Soup version 0.17-a0-1174-ge06b3cc (webtiles) character file.

609 inmateoo the Cudgeler (level 7, -5/71 HPs)
             Began as an Ogre Wizard on May 29, 2015.
             Killed by divine providence
             ... invoked by an orc priest
              (12 damage)
             ... on level 5 of the Dungeon.
             The game lasted 00:13:02 (5781 turns).

inmateoo the Cudgeler (Ogre Wizard)                 Turns: 5781, Time: 00:13:02

Health: -5/71      AC:  6    Str: 13    XL:     7   Next: 43%
Magic:  10/13      EV:  9    Int: 19    God:
Gold:   184        SH:  0    Dex:  8    Spells: 5 memorised, 6 levels left

rFire  . . .     SeeInvis .     i - +0 flail
rCold  . . .     Clarity  .     a - +1 robe
rNeg   . . .     SustAt   +     (no shield)
rPois  .         Gourm    .     b - +2 hat
rElec  .         Spirit   .     (no cloak)
rCorr  .         Warding  .     (gloves unavailable)
rMut   .         Stasis   .     (boots unavailable)
MR     .....                    (no amulet)
Stlth  +.........               (no ring)
                                e - ring of sustain attributes

@: flying, heavily drained, not resistant to hostile enchantments, very
unstealthy
A: unfitting armour, tough skin 1
a: no special abilities


You were on level 5 of the Dungeon.
You were hungry.

You visited 1 branch of the dungeon, and saw 5 of its levels.

You collected 184 gold pieces.

Inventory:

Hand weapons
 h - a +0 trident of piercing
 i - a +0 flail (weapon)
 n - a +1 dagger of draining
Armour
 a - a +1 robe (worn)
 b - a +2 hat (worn)
Jewellery
 e - a ring of sustain attributes (left hand)
Potions
 l - a potion of magic
Books
 c - a book of Minor Magic

   Spells                             Type                      Level
   a - Magic Dart                     Conjuration                  1
   b - Blink                          Translocation                2
   c - Call Imp                       Summoning                    2
   d - Repel Missiles                 Charms/Air                   2
   e - Slow                           Hexes                        2
   f - Conjure Flame                  Conjuration/Fire             3
   g - Mephitic Cloud                 Conjuration/Poison/Air       3
 p - a book of Hinderance

   Spells                             Type                      Level
   a - Confusing Touch                Hexes                        2
   b - Confuse                        Hexes                        3
   c - Gell's Gravitas                Hexes/Translocation          3
   d - Petrify                        Transmutation/Earth          4
   e - Metabolic Englaciation         Hexes/Ice                    5
Comestibles
 d - 3 bread rations


   Skills:
 + Level 4.4(2.7) Fighting
 * Level 6.4(4.6) Maces & Flails
 - Level 1.0(0.0) Throwing
 + Level 3.6(1.9) Dodging
 - Level 1.5(0.0) Stealth
 + Level 4.5(2.8) Spellcasting
 - Level 0.6(0.0) Conjurations
 - Level 0.6(0.0) Summonings
 - Level 0.6(0.0) Translocations


You had 6 spell levels left.
You knew the following spells:

 Your Spells              Type           Power        Failure   Level  Hunger
a - Magic Dart            Conj           #...         17%         1    None
b - Blink                 Tloc           N/A          24%         2    ##.....
c - Call Imp              Summ           #.......     24%         2    ##.....
d - Repel Missiles        Chrm/Air       #.....       24%         2    ##.....
e - Slow                  Hex            #.......     24%         2    ##.....


Dungeon Overview and Level Annotations

Branches:
Dungeon (5/15)
 Temple: D:4-7

Altars:
Dithmenos
Gozag

Annotations:
D:3 OrbSeeker's ghost, average TrTm


Innate Abilities, Weirdness & Mutations

You are too large for most types of armour.
You have tough skin (AC +1).


Message History

The orc priest calls down the wrath of Beogh upon you.
Something smites you!
* * * LOW HITPOINT WARNING * * *
Unknown command.
Drink which item? (? for menu, Esc to quit)
It was a potion of cancellation.
Your magical effects are unravelling.
You feel magically purged.
The orc priest looks braver.
Drink which item? (? for menu, Esc to quit)
It was a potion of flight.
You feel very buoyant.
You fly up into the air.
The orc hits you with a flail of draining!
* * * LOW HITPOINT WARNING * * *
You feel drained.
* * * LOW HITPOINT WARNING * * *
The orc priest mumbles some strange prayers to Beogh against you.
Something smites you!
You die...

.........#
#..##...<.#####
#.............#
..###.....###.#
#.....#...#
###.###.### #.#
#.# #.# #.# #.#
#@# #.# #o#
#o### #s).#
.#####(######.#
....s.)((.(....#
##.#############


You could see a scorpion, an orc priest and an orc.

Vanquished Creatures
  A phantom (D:4)
  A hound (D:4)
  2 orc priests
  2 orc wizards (D:4)
  Jessica (D:2)
  3 worker ants (D:4)
  A gnoll (D:4)
  5 adders
  2 oozes
  An adder skeleton (D:4)
  3 worms
  2 giant geckos
  8 orcs
  11 goblins
  7 hobgoblins
  6 jackals
  5 kobolds
  A quokka (D:4)
  11 bats
  5 giant cockroaches
  4 giant newts
  2 quokka skeletons (D:4)
  7 rats
91 creatures vanquished.

Vanquished Creatures (collateral kills)
  A phantom (D:4)
  A giant frog skeleton (D:5)
  An orc priest (D:4)
  2 worker ants (D:4)
  3 gnolls (D:4)
  An adder (D:4)
  2 orcs
  3 bats (D:4)
  A kobold (D:4)
15 creatures vanquished.

Vanquished Creatures (others)
  2 crimson imps (D:4)
  2 shadow imps (D:4)
  2 white imps (D:4)
6 creatures vanquished.

Grand Total: 112 creatures vanquished

Notes
Turn   | Place    | Note
--------------------------------------------------------------
     0 | D:1      | inmateoo the Ogre Wizard began the quest for the Orb.
     0 | D:1      | Reached XP level 1. HP: 16/16 MP: 5/5
   180 | D:1      | Reached skill level 1 in Fighting
   225 | D:1      | Reached XP level 2. HP: 18/27 MP: 1/6
   344 | D:2      | Reached skill level 1 in Throwing
   350 | D:2      | Found a shadowy altar of Dithmenos.
   636 | D:1      | Reached skill level 1 in Maces & Flails
   979 | D:1      | Reached XP level 3. HP: 35/35 MP: 5/8
  1010 | D:1      | Learned a level 2 spell: Blink
  1013 | D:1      | Learned a level 2 spell: Call Imp
  1016 | D:1      | Learned a level 2 spell: Repel Missiles
  1019 | D:1      | Learned a level 2 spell: Slow
  1575 | D:2      | Reached XP level 4. HP: 42/44 MP: 9/9
  1639 | D:2      | Found an opulent altar of Gozag.
  1873 | D:3      | Noticed Jessica
  1876 | D:3      | Noticed OrbSeeker's ghost (average TrTm)
  1885 | D:2      | Killed Jessica
  2343 | D:2      | Reached XP level 5. HP: 53/53 MP: 7/10
  2931 | D:4      | Reached skill level 4 in Maces & Flails
  2958 | D:4      | Noticed a phantom
  3023 | D:4      | Reached XP level 6. HP: 25/61 MP: 10/12
  3551 | D:4      | Noticed a phantom
  3998 | D:4      | Killed a phantom
  3998 | D:4      | Reached skill level 5 in Maces & Flails
  4313 | D:4      | Killed a phantom
  4313 | D:4      | Reached XP level 7. HP: 14/70 MP: 9/13
  5101 | D:4      | Reached skill level 6 in Maces & Flails
  5720 | D:5      | Entered Level 5 of the Dungeon
  5781 | D:5      | Killed from afar by an orc priest

Vault maps used:
D:1:      sevenhm_arrival_forest_fort_small_3
D:2:      nicolae_gozag_cash_rules_everything_around_me, st_stairs_1,
          grunt_dithmenos_smoke_and_mirrors
D:3:      uniq_jessica
D:4:      first_bread, minmay_misc_feat_hallway, st_stairs_9, minmay_vboxes
D:5:      lemuel_zombie_altar_yredelemnul, minmay_temple_entry_fiery

Action                   |  1- 3 |  4- 6 |  7- 9 || total
-------------------------+-------+-------+-------++-------
Melee: Unarmed           |    28 |       |       ||    28
       Whip              |    53 |       |       ||    53
       Club              |     4 |       |       ||     4
       Flail             |     3 |   194 |    68 ||   265
       Trident           |       |       |     4 ||     4
       Dagger            |       |       |     3 ||     3
 Cast: Magic Dart        |    80 |    20 |       ||   100
       Repel Missiles    |     1 |     2 |     2 ||     5
       Call Imp          |       |    17 |    11 ||    28
       Blink             |       |     1 |       ||     1
  Use: Scroll            |     3 |     3 |     3 ||     9
       Potion            |       |     3 |     4 ||     7
 Stab: Distracted        |       |     2 |       ||     2
       Sleeping          |       |       |     1 ||     1
  Eat: Chunk             |     1 |    10 |     3 ||    14
       Beef jerky        |       |       |     1 ||     1
